[Event "GambitGuide"]
[Site "Internet Chess Club"]
[Date "2014.10.31"]
[Round "1"]
[White "JSBach"]
[Black "lrsrihari"]
[Result "1-0"]
[ICCResult "Black resigns"]
[WhiteElo "1690"]
[BlackElo "1738"]
[Opening "Vienna: `Frankenstein-Dracula' variation"]
[ECO "C27"]
[NIC "VG.02"]
[Time "13:15:27"]
[TimeControl "120+12"]

1. e4 e5 2. Nc3 Nf6 3. Bc4 Nxe4 4. Qh5 Nd6 5. Bb3 Nc6 6. Nb5 g6 7. Qf3 f5 8.
Qd5 Qe7 9. Nxc7+ Kd8 10. Nxa8 b6 11. d3 Bb7 12. Nxb6 axb6 13. Qf3 Bg7 14.
Be3 h6 15. Bxb6+ Kc8 16. Qd5 Re8 17. Bc5 Kc7 18. Bxd6+ Qxd6 19. Qxd6+ Kxd6
20. Bf7 Re7 21. Bxg6 e4 22. O-O-O Bf6 23. dxe4+ Kc7 24. Bxf5 Nd4 25. f3 Re5
26. Rxd4 Rxf5 27. Rc4+ Rc5 28. Rxc5+ {Black resigns} 1-0

[Event "GambitGuide"]
[Site "Internet Chess Club"]
[Date "2014.10.31"]
[Round "1"]
[White "JSBach"]
[Black "mysixty4squares"]
[Result "1-0"]
[ICCResult "Black resigns"]
[WhiteElo "1690"]
[BlackElo "1385"]
[Opening "Vienna: `Frankenstein-Dracula' variation"]
[ECO "C27"]
[NIC "VG.02"]
[Time "13:15:58"]
[TimeControl "120+12"]

1. e4 e5 2. Nc3 Nf6 3. Bc4 Nxe4 4. Qh5 Nd6 5. Bb3 Nc6 6. Nb5 g6 7. Qf3 f5 8.
Qd5 Qe7 9. Nxc7+ Kd8 10. Nxa8 b6 11. d3 Bb7 12. Nxb6 axb6 13. Qf3 Nd4 14.
Qh3 h5 15. Be3 N6b5 16. Ne2 Bh6 17. Bxh6 Rxh6 18. Nxd4 Nxd4 19. c3 Ne6 20.
Qe3 {Black resigns} 1-0

[Event "GambitGuide"]
[Site "Internet Chess Club"]
[Date "2014.10.31"]
[Round "1"]
[White "JSBach"]
[Black "lrsrihari"]
[Result "1-0"]
[ICCResult "Black resigns"]
[WhiteElo "1690"]
[BlackElo "1738"]
[Opening "Vienna: `Frankenstein-Dracula' variation"]
[ECO "C27"]
[NIC "VG.02"]
[Time "13:16:46"]
[TimeControl "120+12"]

1. e4 e5 2. Nc3 Nf6 3. Bc4 Nxe4 4. Qh5 Nd6 5. Bb3 Nc6 6. Nb5 g6 7. Qf3 f5 8.
Qd5 Qe7 9. Nxc7+ Kd8 10. Nxa8 b6 11. d3 Bb7 12. Nxb6 axb6 13. Qf3 Bg7 14.
Be3 Kc7 15. Bd5 e4 16. Qe2 g5 17. dxe4 f4 18. Bd2 Bxb2 19. Rb1 Nd4 20. Qd3
Bxd5 21. Rxb2 Nxc2+ 22. Rxc2+ Bc4 23. Rxc4+ Nxc4 24. Qxc4+ Kb7 25. Nf3 Re8
26. Qd5+ Kb8 27. Nxg5 h6 28. Bxf4+ Ka7 29. Nf3 Qxe4+ 30. Qxe4 Rxe4+ 31. Be3
d5 32. O-O d4 33. Nxd4 {Black resigns} 1-0

[Event "GambitGuide"]
[Site "Internet Chess Club"]
[Date "2014.10.31"]
[Round "1"]
[White "JSBach"]
[Black "bizonix747"]
[Result "1/2-1/2"]
[ICCResult "Game drawn by repetition"]
[WhiteElo "1690"]
[BlackElo "1435"]
[Opening "Vienna: `Frankenstein-Dracula' variation"]
[ECO "C27"]
[NIC "VG.02"]
[Time "13:17:48"]
[TimeControl "120+12"]

1. e4 e5 2. Nc3 Nf6 3. Bc4 Nxe4 4. Qh5 Nd6 5. Bb3 Nc6 6. Nb5 g6 7. Qf3 f5 8.
Qd5 Qe7 9. Nxc7+ Kd8 10. Nxa8 b6 11. d3 b5 12. a4 Bb7 13. axb5 Na5 14. Bg5
Qxg5 15. Qxe5 Nxb3 16. cxb3 Qxg2 17. Qxh8 Ke8 18. Nc7+ Kf7 19. Qxh7+ Bg7 20.
Rxa7 Qxh1 21. Ne8 Qxg1+ 22. Ke2 Qg4+ 23. Ke1 Qg1+ 24. Ke2 Qg4+ 25. Ke1 Qg1+
26. Ke2 Qg4+ 27. Ke1 Qg1+ 28. Ke2 Qg4+ 29. Ke1 Qg1+ 30. Ke2 Qg4+ 31. Ke1
{Game drawn by repetition}
1/2-1/2

[Event "GambitGuide"]
[Site "Internet Chess Club"]
[Date "2014.10.31"]
[Round "1"]
[White "JSBach"]
[Black "THEZAR"]
[Result "1-0"]
[ICCResult "Black resigns"]
[WhiteElo "1690"]
[BlackElo "1165"]
[Opening "Vienna: `Frankenstein-Dracula' variation"]
[ECO "C27"]
[NIC "VG.02"]
[Time "13:15:44"]
[TimeControl "120+12"]

1. e4 e5 2. Nc3 Nf6 3. Bc4 Nxe4 4. Qh5 Nd6 5. Bb3 Nc6 6. Nb5 g6 7. Qf3 f5 8.
Qd5 Qe7 9. Nxc7+ Kd8 10. Nxa8 b6 11. d3 Bb7 12. Nxb6 axb6 13. Qf3 Bg7 14.
Qg3 Re8 15. Bg5 Bf6 16. Bxf6 Qxf6 17. Ne2 Ke7 18. Qh3 Qg7 19. Qe3 Kf8 20.
Qxb6 Qf6 21. Bd5 Rb8 22. Bxc6 dxc6 23. Qc7 Qd8 24. Qxh7 Qf6 25. O-O Re8 26.
f4 Re7 27. fxe5 Qxe5 28. Qh6+ Kf7 29. Rae1 Ne8 30. Nf4 Qg7 31. Qxg6+ Qxg6
32. Rxe7+ Kxe7 33. Nxg6+ {Black resigns} 1-0

[Event "GambitGuide"]
[Site "Internet Chess Club"]
[Date "2014.10.31"]
[Round "1"]
[White "JSBach"]
[Black "Zaphod"]
[Result "1-0"]
[ICCResult "Black resigns"]
[WhiteElo "1690"]
[BlackElo "1132"]
[Opening "Vienna: `Frankenstein-Dracula' variation"]
[ECO "C27"]
[NIC "VG.02"]
[Time "13:16:56"]
[TimeControl "120+12"]

1. e4 e5 2. Nc3 Nf6 3. Bc4 Nxe4 4. Qh5 Nd6 5. Bb3 Nc6 6. Nb5 g6 7. Qf3 f5 8.
Qd5 Qe7 9. Nxc7+ Kd8 10. Nxa8 b6 11. d3 Nb4 12. Bg5 Nxc2+ 13. Bxc2 Qxg5 14.
Qxe5 Bh6 15. Qxh8+ Ke7 16. Kf1 Ne4 17. Qxh7+ Kd6 18. dxe4 Ba6+ 19. Ne2 Bxe2+
20. Kxe2 Qd2+ 21. Kf1 fxe4 22. Rd1 {Black resigns} 1-0

[Event "GambitGuide"]
[Site "Internet Chess Club"]
[Date "2014.10.31"]
[Round "1"]
[White "JSBach"]
[Black "nsideurheadbro"]
[Result "1-0"]
[ICCResult "Black resigns"]
[WhiteElo "1690"]
[BlackElo "1184"]
[Opening "Vienna: `Frankenstein-Dracula' variation"]
[ECO "C27"]
[NIC "VG.02"]
[Time "13:16:50"]
[TimeControl "120+12"]

1. e4 e5 2. Nc3 Nf6 3. Bc4 Nxe4 4. Qh5 Nd6 5. Bb3 Nc6 6. Nb5 g6 7. Qf3 f5 8.
Qd5 Qe7 9. Nxc7+ Kd8 10. Nxa8 b6 11. d3 Bb7 12. Nxb6 axb6 13. Qf3 Nd4 14.
Qg3 f4 15. Qg4 g5 16. Bd2 h5 17. Qd1 Bxg2 18. c3 Nxb3 19. Qxb3 Kc7 20. O-O-O
Bxh1 21. Re1 Bc6 22. d4 e4 23. d5 Bb7 24. Nf3 g4 25. Ng1 Qh4 26. Bxf4 Qxf2
27. Bg3 Qc5 28. Rd1 Bh6+ 29. Kb1 Rf8 30. Ne2 Qc4 31. Qxc4+ {Black resigns}
1-0

[Event "GambitGuide"]
[Site "Internet Chess Club"]
[Date "2014.10.31"]
[Round "1"]
[White "JSBach"]
[Black "luckypawns"]
[Result "0-1"]
[ICCResult "White checkmated"]
[WhiteElo "1690"]
[BlackElo "1815"]
[Opening "Vienna: `Frankenstein-Dracula' variation"]
[ECO "C27"]
[NIC "VG.02"]
[Time "13:17:15"]
[TimeControl "120+12"]

1. e4 e5 2. Nc3 Nf6 3. Bc4 Nxe4 4. Qh5 Nd6 5. Bb3 Nc6 6. Nb5 g6 7. Qf3 f5 8.
Qd5 Qe7 9. Nxc7+ Kd8 10. Nxa8 b6 11. d3 Bb7 12. Nxb6 axb6 13. Qf3 Na5 14.
Qe3 h5 15. Qxb6+ Ke8 16. Qxa5 Bxg2 17. Bd5 e4 18. Qa8+ Qd8 19. Qxd8+ Kxd8
20. Bg5+ Be7 21. Bxe7+ Kxe7 22. dxe4 Bxh1 23. exf5 Bxd5 24. O-O-O Be4 25.
f6+ Ke6 26. f3 Bf5 27. Ne2 Rd8 28. Ng3 Ne8 29. Nxf5 gxf5 30. b4 Nxf6 31.
Re1+ Kd5 32. a4 Re8 33. Rxe8 Nxe8 34. b5 Kc5 35. c3 Nc7 36. Kd2 Kb6 37. Kc2
Ka5 38. Kb3 Na8 39. Kc4 Nb6+ 40. Kb3 Nxa4 41. c4 Nc5+ 42. Kc3 d5 43. cxd5
Kxb5 44. Kd4 Nd7 45. f4 Kb6 46. h3 Kc7 47. Ke3 Kd6 48. Ke2 Kxd5 49. Ke3 Nf6
50. Kd3 h4 51. Ke3 Nh5 52. Kf3 Kd4 53. Kg2 Nxf4+ 54. Kf3 Nxh3 55. Kg2 Ng5
56. Kg1 Ke3 57. Kg2 Ke2 58. Kh1 f4 59. Kg2 f3+ 60. Kg1 f2+ 61. Kh2 Nf3+ 62.
Kh3 f1=Q+ 63. Kg4 Qg1+ 64. Kf5 Qg5+ 65. Ke6 h3 66. Kd7 h2 67. Ke6 h1=Q 68.
Kd6 Qhh6+ 69. Kc7 Qgg7+ 70. Kd8 Qhh8# {White checkmated} 0-1

[Event "GambitGuide"]
[Site "Internet Chess Club"]
[Date "2014.10.31"]
[Round "1"]
[White "JSBach"]
[Black "lrsrihari"]
[Result "1/2-1/2"]
[ICCResult "Game drawn by repetition"]
[WhiteElo "1690"]
[BlackElo "1738"]
[Opening "Vienna: `Frankenstein-Dracula' variation"]
[ECO "C27"]
[NIC "VG.02"]
[Time "13:18:23"]
[TimeControl "120+12"]

1. e4 e5 2. Nc3 Nf6 3. Bc4 Nxe4 4. Qh5 Nd6 5. Bb3 Nc6 6. Nb5 g6 7. Qf3 f5 8.
Qd5 Qe7 9. Nxc7+ Kd8 10. Nxa8 b6 11. d3 Bb7 12. Nxb6 axb6 13. Qf3 Kc7 14.
Bd2 h6 15. Qg3 g5 16. Ne2 Bg7 17. Bd5 f4 18. Qf3 h5 19. h3 g4 20. hxg4 hxg4
21. Rxh8 gxf3 22. Rh7 fxe2 23. c3 Nb4 24. Bxb7 Nc2+ 25. Kxe2 Nxa1 26. Bd5
Nc2 27. Kd1 Nd4 28. cxd4 exd4 29. Bxf4 Qf6 30. g3 Qg6 31. Be4 Qg4+ 32. f3
Qe6 33. Rxg7 Qxa2 34. Kc2 Qa4+ 35. Kd2 Qb4+ 36. Kc2 Qa4+ 37. Kb1 Qd1+ 38.
Ka2 Qa4+ 39. Kb1 Qb4 40. g4 Kb8 41. Rxd7 Qe1+ 42. Kc2 Qe2+ 43. Kb3 Qd1+ 44.
Kb4 Qe1+ 45. Kb3 Qd1+ 46. Kb4 Qe1+ 47. Kb3 Qd1+ 48. Kb4 Qe1+ 49. Kb3 Qd1+
50. Kb4 Qe1+ 51. Kb3 Qd1+ 52. Kb4 Qe1+ 53. Kb3 Qd1+ 54. Kb4 Qe1+ 55. Kb3
Qd1+ 56. Kb4 Qe1+ 57. Kb3 Qd1+ 58. Kb4 Qe1+ 59. Kb3 Qd1+ 60. Kb4 Qe1+ 61.
Kb3 Qd1+ 62. Kb4 Qe1+ 63. Kb3 Qd1+ 64. Kb4 Qe1+ 65. Kb3 Qd1+ 66. Kb4 Qe1+
67. Kb3 Qd1+ 68. Kb4 Qe1+ 69. Kb3 Qd1+ 70. Kb4 {Game drawn by repetition}
1/2-1/2

[Event "GambitGuide"]
[Site "Internet Chess Club"]
[Date "2014.10.31"]
[Round "1"]
[White "JSBach"]
[Black "bizonix747"]
[Result "1-0"]
[ICCResult "Black resigns"]
[WhiteElo "1690"]
[BlackElo "1435"]
[Opening "Vienna: `Frankenstein-Dracula' variation"]
[ECO "C27"]
[NIC "VG.02"]
[Time "13:19:59"]
[TimeControl "120+12"]

1. e4 e5 2. Nc3 Nf6 3. Bc4 Nxe4 4. Qh5 Nd6 5. Bb3 Nc6 6. Nb5 g6 7. Qf3 f5 8.
Qd5 Qe7 9. Nxc7+ Kd8 10. Nxa8 b6 11. d3 b5 12. a4 Bb7 13. axb5 Na5 14. Bg5
Qxg5 15. Qxe5 Qxg2 16. Qxh8 Ke8 17. Nc7+ Ke7 18. Qe5+ Kd8 19. Bd5 Bxd5 20.
Qxd5 {Black resigns} 1-0

[Event "GambitGuide"]
[Site "Internet Chess Club"]
[Date "2014.10.31"]
[Round "1"]
[White "JSBach"]
[Black "bizonix747"]
[Result "1-0"]
[ICCResult "Black resigns"]
[WhiteElo "1690"]
[BlackElo "1435"]
[Opening "Vienna: `Frankenstein-Dracula' variation"]
[ECO "C27"]
[NIC "VG.02"]
[Time "13:21:22"]
[TimeControl "120+12"]

1. e4 e5 2. Nc3 Nf6 3. Bc4 Nxe4 4. Qh5 Nd6 5. Bb3 Nc6 6. Nb5 g6 7. Qf3 f5 8.
Qd5 Qe7 9. Nxc7+ Kd8 10. Nxa8 b6 11. d3 b5 12. Nf3 Bb7 13. Bg5 Qxg5 14. Nxg5
{Black resigns}
1-0

[Event "GambitGuide"]
[Site "Internet Chess Club"]
[Date "2014.10.31"]
[Round "1"]
[White "JSBach"]
[Black "nsideurheadbro"]
[Result "1-0"]
[ICCResult "Black resigns"]
[WhiteElo "1690"]
[BlackElo "1184"]
[Opening "Vienna: `Frankenstein-Dracula' variation"]
[ECO "C27"]
[NIC "VG.02"]
[Time "13:20:25"]
[TimeControl "120+12"]

1. e4 e5 2. Nc3 Nf6 3. Bc4 Nxe4 4. Qh5 Nd6 5. Bb3 Nc6 6. Nb5 g6 7. Qf3 f5 8.
Qd5 Qe7 9. Nxc7+ Kd8 10. Nxa8 b6 11. d3 Bb7 12. Nxb6 axb6 13. Qf3 Nd4 14.
Qg3 f4 15. Qg4 g5 16. Bd2 h5 17. Qd1 Bxg2 18. c3 Nxb3 19. Qxb3 Kc7 20. O-O-O
Bxh1 21. Re1 Bg7 22. d4 Qf7 23. dxe5 Qxb3 24. exd6+ Kxd6 25. axb3 Be5 26.
Nh3 Rg8 27. Rxh1 {Black resigns} 1-0

[Event "GambitGuide"]
[Site "Internet Chess Club"]
[Date "2014.10.31"]
[Round "1"]
[White "JSBach"]
[Black "bizonix747"]
[Result "0-1"]
[ICCResult "White checkmated"]
[WhiteElo "1690"]
[BlackElo "1435"]
[Opening "Vienna: `Frankenstein-Dracula' variation"]
[ECO "C27"]
[NIC "VG.02"]
[Time "13:21:43"]
[TimeControl "120+12"]

1. e4 e5 2. Nc3 Nf6 3. Bc4 Nxe4 4. Qh5 Nd6 5. Bb3 Nc6 6. Nb5 g6 7. Qf3 f5 8.
Qd5 Qe7 9. Nxc7+ Kd8 10. Nxa8 b6 11. d3 b5 12. a4 Bb7 13. axb5 Na5 14. Bg5
Qxg5 15. Qxe5 Qxg2 16. Qxh8 Nxb3 17. cxb3 Ke8 18. Nc7+ Kf7 19. Qxh7+ Bg7 20.
Rxa7 Qxh1 21. Ne8 Qxg1+ 22. Ke2 Qg4+ 23. Ke1 Nxe8 24. Rxb7 Nf6 25. Rxd7+
Nxd7 26. h4 Nf6 27. Qxg7+ Kxg7 28. Kf1 Qd1+ 29. Kg2 Qxd3 30. f4 Qxb3 31. Kf1
Qxb5+ 32. Kg1 Nd5 33. h5 gxh5 34. b3 h4 35. Kh2 Nxf4 36. Kg1 h3 37. b4 Qe2
38. Kh1 Qg2# {White checkmated} 0-1

[Event "GambitGuide"]
[Site "Internet Chess Club"]
[Date "2014.10.31"]
[Round "1"]
[White "JSBach"]
[Black "G-15"]
[Result "0-1"]
[ICCResult "White checkmated"]
[WhiteElo "1695"]
[BlackElo "1400"]
[Opening "Vienna: `Frankenstein-Dracula' variation"]
[ECO "C27"]
[NIC "VG.02"]
[Time "13:18:42"]
[TimeControl "120+12"]

1. e4 e5 2. Nc3 Nf6 3. Bc4 Nxe4 4. Qh5 Nd6 5. Bb3 Nc6 6. Nb5 g6 7. Qf3 f5 8.
Qd5 Qe7 9. Nxc7+ Kd8 10. Nxa8 b6 11. d3 Bb7 12. Nxb6 axb6 13. Qf3 Nd4 14.
Qg3 Nxb3 15. axb3 f4 16. Qg4 Qf6 17. Ra7 Be7 18. b4 h5 19. Qh3 g5 20. f3 Bc8
21. Bd2 Nb5 22. Ra1 d6 23. Ra8 Kc7 24. Rxc8+ Rxc8 25. Qxh5 Rh8 26. g4 Rxh5
27. gxh5 Nd4 28. Kd1 Qh6 29. c3 Ne6 30. h3 Qxh5 31. Rh2 b5 32. Rf2 Kd7 33.
Kc2 Bd8 34. Re2 Bb6 35. Rg2 Nc7 36. c4 bxc4 37. dxc4 Bxg1 38. Rxg1 Qxh3 39.
Rxg5 Qxf3 40. Rg7+ Kc8 41. b5 Ne6 42. Rg8+ Kb7 43. Bb4 Qe2+ 44. Kc3 Qe1+ 45.
Kb3 Nd4+ 46. Ka4 Qd1+ 47. Ka5 Qa1+ 48. Ba3 Nc2 49. Rg7+ Kc8 50. Rg8+ Kd7 51.
Rg7+ Ke8 52. Ka4 e4 53. Rg8+ Kf7 54. Rg4 Nxa3 55. Rxf4+ Kg6 56. Kb3 Qd1+ 57.
Kxa3 Qd3+ 58. b3 e3 59. Rf3 Qd1 60. Rg3+ Kf5 61. Rg8 e2 62. Rf8+ Kg4 63.
Rg8+ Kh5 64. Re8 e1=Q 65. Rxe1 Qxe1 66. Ka4 Qc3 67. Ka3 Qa1+ 68. Kb4 Qa7 69.
Kc3 Qc5 70. Kd3 Qb4 71. Kc2 Kg6 72. Kb2 Kf7 73. Ka2 Ke7 74. Kb2 Kd7 75. Kc2
Kc7 76. Kb2 Kb6 77. Kc2 Kc5 78. Kb2 Kd4 79. Ka2 Kc3 80. Ka1 Qxb3 81. c5 Qb2#
{White checkmated}
0-1

[Event "GambitGuide"]
[Site "Internet Chess Club"]
[Date "2014.10.31"]
[Round "1"]
[White "JSBach"]
[Black "luckypawns"]
[Result "1-0"]
[ICCResult "Black resigns"]
[WhiteElo "1695"]
[BlackElo "1815"]
[Opening "Vienna: `Frankenstein-Dracula' variation"]
[ECO "C27"]
[NIC "VG.02"]
[Time "13:21:53"]
[TimeControl "120+12"]

1. e4 e5 2. Nc3 Nf6 3. Bc4 Nxe4 4. Qh5 Nd6 5. Bb3 Nc6 6. Nb5 g6 7. Qf3 f5 8.
Qd5 Qe7 9. Nxc7+ Kd8 10. Nxa8 b6 11. d3 Bb7 12. Nxb6 axb6 13. Qf3 Na5 14.
Qe3 Nc8 15. Nf3 Qc5 16. Qxc5 Bxc5 17. Bg5+ Ke8 18. Bf6 Rf8 19. Bxe5 Nxb3 20.
axb3 d6 21. Bg7 Rf7 22. Bc3 Re7+ 23. Kf1 Kd7 24. b4 Kc6 25. bxc5 bxc5 26. g3
Kb5 27. Kg2 Re2 28. Rhc1 g5 29. h3 h5 30. Ra5+ Kb6 31. b4 g4 32. bxc5+ dxc5
33. Rb1+ Kc7 34. hxg4 fxg4 35. Rxc5+ Kb8 36. Rxb7+ Kxb7 37. Nd4 Nd6 38. Nxe2
{Black resigns}
1-0

[Event "GambitGuide"]
[Site "Internet Chess Club"]
[Date "2014.10.31"]
[Round "1"]
[White "JSBach"]
[Black "nsideurheadbro"]
[Result "1-0"]
[ICCResult "Black resigns"]
[WhiteElo "1695"]
[BlackElo "1184"]
[Opening "Vienna: `Frankenstein-Dracula' variation"]
[ECO "C27"]
[NIC "VG.02"]
[Time "13:22:59"]
[TimeControl "120+12"]

1. e4 e5 2. Nc3 Nf6 3. Bc4 Nxe4 4. Qh5 Nd6 5. Bb3 Nc6 6. Nb5 g6 7. Qf3 f5 8.
Qd5 Qe7 9. Nxc7+ Kd8 10. Nxa8 b6 11. d3 Bb7 12. Nxb6 axb6 13. Qf3 Nd4 14.
Qh3 f4 15. Ba4 Kc7 16. c3 N4f5 17. Nf3 e4 18. Nd2 exd3+ 19. Kf1 Qe2+ 20. Kg1
Qd1+ 21. Bxd1 {Black resigns} 1-0

[Event "GambitGuide"]
[Site "Internet Chess Club"]
[Date "2014.10.31"]
[Round "1"]
[White "JSBach"]
[Black "Lyon"]
[Result "1-0"]
[ICCResult "Black resigns"]
[WhiteElo "1695"]
[BlackElo "1400"]
[Opening "Vienna: `Frankenstein-Dracula' variation"]
[ECO "C27"]
[NIC "VG.02"]
[Time "13:19:33"]
[TimeControl "120+12"]

1. e4 e5 2. Nc3 Nf6 3. Bc4 Nxe4 4. Qh5 Nd6 5. Bb3 Nc6 6. Nb5 g6 7. Qf3 f5 8.
Qd5 Qe7 9. Nxc7+ Kd8 10. Nxa8 b6 11. d3 Bb7 12. Nxb6 axb6 13. Qf3 Kc7 14.
Bd2 Nd4 15. Qg3 Bg7 16. Bb4 f4 17. Qg4 N4f5 18. Nf3 Rc8 19. O-O Kd8 20. Rae1
Qf6 21. Nxe5 h5 22. Qxg6 Qxg6 23. Nxg6 Kc7 24. Nxf4 Bxb2 25. Nxh5 Nd4 26. h4
Nxb3 27. axb3 Bd4 28. Nf4 Nf5 29. c3 Bh8 30. h5 Kb8 31. g4 Ng7 32. Bd6+ Ka7
33. Ra1+ Ba6 34. Nd5 Ne6 35. Nb4 {Black resigns} 1-0

[Event "GambitGuide"]
[Site "Internet Chess Club"]
[Date "2014.10.31"]
[Round "1"]
[White "JSBach"]
[Black "mysixty4squares"]
[Result "1-0"]
[ICCResult "Black resigns"]
[WhiteElo "1695"]
[BlackElo "1385"]
[Opening "Vienna: `Frankenstein-Dracula' variation"]
[ECO "C27"]
[NIC "VG.02"]
[Time "13:17:11"]
[TimeControl "120+12"]

1. e4 e5 2. Nc3 Nf6 3. Bc4 Nxe4 4. Qh5 Nd6 5. Bb3 Nc6 6. Nb5 g6 7. Qf3 f5 8.
Qd5 Qe7 9. Nxc7+ Kd8 10. Nxa8 b6 11. d3 Bb7 12. Nxb6 axb6 13. Qf3 Nd4 14.
Qg3 f4 15. Qg4 N6f5 16. Ne2 Nxe2 17. Kxe2 Qf6 18. Ke1 h5 19. Qh3 g5 20. f3
Bc5 21. Kd1 Rh6 22. Re1 d6 23. Bc4 g4 24. fxg4 hxg4 25. Qxg4 Rg6 26. Qh5
Rxg2 27. h3 Rg3 28. Qh7 Bf3+ 29. Re2 Rg1+ 30. Kd2 Bxe2 31. Kxe2 Ng3+ 32. Kf3
Rf1+ 33. Kg4 Rg1 34. Kf3 Qg5 35. Qg8+ Qxg8 36. Bxg8 Be3 37. Bxe3 Rxa1 38.
Bxb6+ Kd7 39. Bd5 Rf1+ 40. Kg4 Rd1 41. Bf2 Nh1 42. Bb6 Ng3 43. Bf2 Ne2 44.
a4 Rd2 45. b4 Rxc2 46. b5 Nc3 47. Bc6+ Kc7 48. Kf3 Rb2 49. a5 Nxb5 50. Bd5
Nc3 51. Be6 Rb8 52. h4 Rh8 53. a6 Nb5 54. Bc4 Na3 55. Bd5 Nb5 56. Bc4 Na3
57. Bd5 Nc2 58. a7 Nd4+ 59. Bxd4 exd4 60. a8=Q Rxa8 61. Bxa8 {Black resigns}
1-0

[Event "GambitGuide"]
[Site "Internet Chess Club"]
[Date "2014.10.31"]
[Round "1"]
[White "JSBach"]
[Black "robbe"]
[Result "1-0"]
[ICCResult "Black resigns"]
[WhiteElo "1695"]
[BlackElo "1327"]
[Opening "Vienna: `Frankenstein-Dracula' variation"]
[ECO "C27"]
[NIC "VG.02"]
[Time "13:24:56"]
[TimeControl "120+12"]

1. e4 e5 2. Nc3 Nf6 3. Bc4 Nxe4 4. Qh5 Nd6 5. Bb3 Nc6 6. Nb5 g6 7. Qf3 f5 8.
Qd5 Qe7 9. Nxc7+ Kd8 10. Nxa8 b6 11. d3 Bb7 12. Nxb6 axb6 13. Qf3 Bg7 14.
Be3 f4 15. Bxb6+ Ke8 16. Bc5 {Black resigns} 1-0

[Event "GambitGuide"]
[Site "Internet Chess Club"]
[Date "2014.10.31"]
[Round "1"]
[White "JSBach"]
[Black "jewels2"]
[Result "1-0"]
[ICCResult "Black checkmated"]
[WhiteElo "1695"]
[BlackElo "1124"]
[Opening "Vienna: `Frankenstein-Dracula' variation"]
[ECO "C27"]
[NIC "VG.02"]
[Time "13:25:02"]
[TimeControl "120+12"]

1. e4 e5 2. Nc3 Nf6 3. Bc4 Nxe4 4. Qh5 Nd6 5. Bb3 Nc6 6. Nb5 g6 7. Qf3 f5 8.
Qd5 Qe7 9. Nxc7+ Kd8 10. Nxa8 b6 11. d3 Nd4 12. f4 exf4+ 13. Kd1 Bg7 14.
Bxf4 Re8 15. Kd2 Bb7 16. Qxd6 Bxa8 17. Qc7# {Black checkmated} 1-0

[Event "GambitGuide"]
[Site "Internet Chess Club"]
[Date "2014.10.31"]
[Round "1"]
[White "JSBach"]
[Black "luckypawns"]
[Result "1-0"]
[ICCResult "Black resigns"]
[WhiteElo "1678"]
[BlackElo "1815"]
[Opening "Vienna: `Frankenstein-Dracula' variation"]
[ECO "C27"]
[NIC "VG.02"]
[Time "13:24:03"]
[TimeControl "120+12"]

1. e4 e5 2. Nc3 Nf6 3. Bc4 Nxe4 4. Qh5 Nd6 5. Bb3 Nc6 6. Nb5 g6 7. Qf3 f5 8.
Qd5 Qe7 9. Nxc7+ Kd8 10. Nxa8 b6 11. d3 Bb7 12. Nxb6 axb6 13. Qf3 Na5 14.
Qe3 Nc8 15. Nf3 e4 16. dxe4 Qxe4 17. Qxe4 Bxe4 18. Ba4 Bb4+ 19. c3 Bc5 20.
Bg5+ Be7 21. Rd1 Bc6 22. Bxc6 Nxc6 23. Bxe7+ N8xe7 24. Kd2 Kc7 25. a4 Ra8
26. b3 Re8 27. Rhe1 Rb8 28. Re2 b5 29. a5 Nxa5 30. Rxe7 Nxb3+ 31. Ke3 Nc5
32. Ne5 Rd8 33. Rd5 {Black resigns} 1-0

[Event "GambitGuide"]
[Site "Internet Chess Club"]
[Date "2014.10.31"]
[Round "1"]
[White "JSBach"]
[Black "Heian"]
[Result "1-0"]
[ICCResult "Black resigns"]
[WhiteElo "1678"]
[BlackElo "1548"]
[Opening "Vienna: `Frankenstein-Dracula' variation"]
[ECO "C27"]
[NIC "VG.02"]
[Time "13:25:33"]
[TimeControl "120+12"]

1. e4 e5 2. Nc3 Nf6 3. Bc4 Nxe4 4. Qh5 Nd6 5. Bb3 Nc6 6. Nb5 g6 7. Qf3 f5 8.
Qd5 Qe7 9. Nxc7+ Kd8 10. Nxa8 b6 11. d3 Bb7 12. Nxb6 axb6 13. Qf3 Kc7 14.
Bd2 Nd4 15. Qg3 Nxb3 16. axb3 Bg7 17. Nf3 Bf6 18. b4 Kb8 19. Bc3 Nf7 20. O-O
d6 21. Rfe1 Qc7 22. d4 e4 23. Nd2 Qc6 24. d5 Qc7 25. Bxf6 Re8 26. Qb3 Ne5
27. Qa4 Kc8 28. Qxe8+ {Black resigns} 1-0

[Event "GambitGuide"]
[Site "Internet Chess Club"]
[Date "2014.10.31"]
[Round "1"]
[White "JSBach"]
[Black "mysixty4squares"]
[Result "0-1"]
[ICCResult "White checkmated"]
[WhiteElo "1678"]
[BlackElo "1385"]
[Opening "Vienna: `Frankenstein-Dracula' variation"]
[ECO "C27"]
[NIC "VG.02"]
[Time "13:24:46"]
[TimeControl "120+12"]

1. e4 e5 2. Nc3 Nf6 3. Bc4 Nxe4 4. Qh5 Nd6 5. Bb3 Nc6 6. Nb5 g6 7. Qf3 f5 8.
Qd5 Qe7 9. Nxc7+ Kd8 10. Nxa8 b6 11. d3 Bb7 12. Nxb6 axb6 13. Qf3 Nd4 14.
Qg3 f4 15. Qg4 Qf6 16. Ba4 b5 17. Bb3 h5 18. Qh3 N6f5 19. c3 Ne6 20. Nf3 g5
21. Bxe6 dxe6 22. b3 g4 23. Bxf4 exf4 24. Qh4 Nxh4 25. Nd4 Nxg2+ 26. Kd2 f3
27. a3 Bh6+ 28. Kc2 Nf4 29. Nxb5 Nxd3 30. Kxd3 Qf5+ 31. Kc4 Ba6 32. Rad1+
Kc8 33. a4 Bxb5+ 34. axb5 Rh7 35. Kb4 Rb7 36. c4 Bf8+ 37. Kc3 Bc5 38. Rd2
Qe5+ 39. Kc2 Bb4 40. Rdd1 Qc3+ 41. Kb1 Ra7 42. Rd8+ Kxd8 43. Rd1+ Kc8 44.
Rd8+ Kxd8 45. b6 Ra1# {White checkmated} 0-1

[Event "GambitGuide"]
[Site "Internet Chess Club"]
[Date "2014.10.31"]
[Round "1"]
[White "JSBach"]
[Black "nsideurheadbro"]
[Result "1-0"]
[ICCResult "Black resigns"]
[WhiteElo "1678"]
[BlackElo "1184"]
[Opening "Vienna: `Frankenstein-Dracula' variation"]
[ECO "C27"]
[NIC "VG.02"]
[Time "13:24:35"]
[TimeControl "120+12"]

1. e4 e5 2. Nc3 Nf6 3. Bc4 Nxe4 4. Qh5 Nd6 5. Bb3 Nc6 6. Nb5 g6 7. Qf3 f5 8.
Qd5 Qe7 9. Nxc7+ Kd8 10. Nxa8 b6 11. d3 Bb7 12. Nxb6 axb6 13. Qf3 Nd4 14.
Qg3 f4 15. Qg4 g5 16. Bd2 h5 17. Qd1 Bxg2 18. c3 Bxh1 19. cxd4 exd4+ 20. Qe2
Qxe2+ 21. Kxe2 Nf5 22. Nf3 g4 23. Rxh1 gxf3+ 24. Kxf3 Bc5 25. Kxf4 Rf8 26.
Kg5 h4 27. f4 Be7+ 28. Kg4 Nh6+ 29. Kh5 Nf5 30. Rg1 Rh8+ 31. Kg6 Ne3 32. f5
d5 33. Bxe3 Rg8+ 34. Kh7 Rxg1 35. Bxg1 {Black resigns} 1-0

[Event "GambitGuide"]
[Site "Internet Chess Club"]
[Date "2014.10.31"]
[Round "1"]
[White "JSBach"]
[Black "Heian"]
[Result "1-0"]
[ICCResult "Black checkmated"]
[WhiteElo "1678"]
[BlackElo "1548"]
[Opening "Vienna: `Frankenstein-Dracula' variation"]
[ECO "C27"]
[NIC "VG.02"]
[Time "13:26:49"]
[TimeControl "120+12"]

1. e4 e5 2. Nc3 Nf6 3. Bc4 Nxe4 4. Qh5 Nd6 5. Bb3 Nc6 6. Nb5 g6 7. Qf3 f5 8.
Qd5 Qe7 9. Nxc7+ Kd8 10. Nxa8 b6 11. d3 Bb7 12. Nxb6 axb6 13. Qf3 Nd4 14.
Qg3 Kc7 15. Bg5 Qg7 16. c3 Be7 17. Bxe7 Nxb3 18. Bxd6+ Kxd6 19. axb3 f4 20.
Qg4 h5 21. Qg5 Rf8 22. Ra7 Rf5 23. Qd8 Bxg2 24. Qxb6+ Ke7 25. Rxd7+ Kxd7 26.
Qa7+ Ke6 27. Qxg7 Bxh1 28. Qxg6+ Rf6 29. Qxh5 e4 30. Qe8+ Kf5 31. Qd7+ Ke5
32. d4# {Black checkmated} 1-0

[Event "GambitGuide"]
[Site "Internet Chess Club"]
[Date "2014.10.31"]
[Round "1"]
[White "JSBach"]
[Black "robbe"]
[Result "1-0"]
[ICCResult "Black resigns"]
[WhiteElo "1678"]
[BlackElo "1327"]
[Opening "Vienna: `Frankenstein-Dracula' variation"]
[ECO "C27"]
[NIC "VG.02"]
[Time "13:25:30"]
[TimeControl "120+12"]

1. e4 e5 2. Nc3 Nf6 3. Bc4 Nxe4 4. Qh5 Nd6 5. Bb3 Nc6 6. Nb5 g6 7. Qf3 f5 8.
Qd5 Qe7 9. Nxc7+ Kd8 10. Nxa8 b6 11. d3 Bb7 12. Nxb6 axb6 13. Qf3 Nd4 14.
Qg3 f4 15. Qg4 Rg8 16. Ba4 h5 17. Qh3 g5 18. f3 e4 19. fxe4 Bxe4 20. dxe4
Qxe4+ 21. Kd1 g4 22. Qh4+ Kc7 23. Qf2 g3 24. hxg3 fxg3 25. Qe3 Qg4+ 26. Ke1
Rg7 27. Qc3+ Kd8 28. Be3 Re7 29. Rd1 Bh6 30. Rxd4 Bxe3 31. Rxg4 Bxg1+ 32.
Kf1 {Black resigns} 1-0